 Dungeon Crawl Stone Soup version 0.19.0-22-gd96e5fe (webtiles) character file.

112 Jerry the Ruffian (level 4, -8/42 HPs)
             Began as a Troll Gladiator on Nov 19, 2016.
             Killed by nerve-wracking pain
             ... invoked by an orc priest
              (13 damage)
             ... on level 3 of the Dungeon.
             The game lasted 00:03:38 (1477 turns).

Jerry the Ruffian (Troll Gladiator)                 Turns: 1477, Time: 00:03:39

Health: -8/42      AC:  6    Str: 23    XL:     4   Next: 63%
Magic:  3/3        EV: 10    Int:  5    God:
Gold:   106        SH:  0    Dex: 10    Spells: 0 memorised, 3 levels left

rFire  . . .     SeeInvis .       - Unarmed
rCold  . . .     Gourm    +     a - +0 robe
rNeg   . . .     Faith    .     (no shield)
rPois  .         Spirit   .     b - +1 hat
rElec  .         Reflect  .     (no cloak)
rCorr  .         Harm     .     (gloves unavailable)
MR     .....                    (boots unavailable)
Stlth  +.........               (no amulet)
                                (no ring)
                                (no ring)

@: no status effects
A: unfitting armour, claws 3, fast metabolism 3, gourmand, regeneration 1,
shaggy fur 1, tough skin 2
a: no special abilities


You were on level 3 of the Dungeon.
You were completely stuffed.

You visited 1 branch of the dungeon, and saw 3 of its levels.

You collected 106 gold pieces.

Inventory:

Missiles
 c - 3 throwing nets (quivered)
Armour
 a - a +0 robe (worn)
 b - a +1 hat (worn)
Wands
 l - a wand of disintegration (8/24)
Scrolls
 g - a scroll of remove curse
 i - a scroll of fog
 m - a scroll of identify
 q - a scroll of recharging {unknown}
Potions
 e - 3 potions of lignification
 f - a potion of heal wounds {unknown}
 j - a potion of invisibility {unknown}
 p - a potion of agility {unknown}
Books
 h - a book of Cantrips

   Spells                             Type                      Level
   a - Confusing Touch                Hexes                        1
   b - Animate Skeleton               Necromancy                   1
   c - Summon Small Mammal            Summoning                    1
   d - Apportation                    Translocation                1
Comestibles
 d - 4 bread rations
 k - 4 chunks of flesh
 n - a meat ration
 o - 3 fruits
 r - a royal jelly


   Skills:
 + Level 2.3 Fighting
 - Level 1.7 Throwing
 + Level 3.0 Dodging
 * Level 4.4 Unarmed Combat


You had 3 spell levels left.
You didn't know any spells.

Dungeon Overview and Level Annotations

Branches:
Dungeon (3/15)

Altars:
Nemelex Xobeh
Okawaru
Qazlal


Innate Abilities, Weirdness & Mutations

You are too large for most types of armour.
You have claws for hands.
Your metabolism is lightning-fast.
You like to eat raw meat.
Your natural rate of healing is unusually fast.
You are covered in fur. (AC +1)
You have very tough skin. (AC +2)


Message History

An orc priest comes into view. It is wielding a flail.
You claw the orc!
You kill the orc!
The orc priest hits you with a flail. The orc wizard hits you with a dagger.
Things that are here:
a hand axe; a ring mail; an orc corpse You claw the orc wizard!
The orc wizard is almost dead.
The orc wizard hits you but does no damage.
The orc priest mumbles some strange prayers to Beogh against you.
Beogh smites you!
You claw the orc wizard!
You kill the orc wizard!
Your Dodging skill increases to level 3!
The orc priest calls down the wrath of Beogh upon you.
Beogh smites you!
* * * LOW HITPOINT WARNING * * *
The orc priest invokes the aid of Beogh against you.
Pain shoots through your body!
You die...

######
#)@..#
....ogo##.#
######. #.#
#.
#.##########
#.
#..........#
#.
##########.#
#. ##.## #.
##...##
##.....##


You could see 2 orc priests and a goblin.

Vanquished Creatures
  An orc wizard (D:3)
  2 adders
  An ooze (D:1)
  2 worms (D:2)
  A dart slug (D:3)
  2 leopard geckos
  2 orcs (D:3)
  5 bats
  4 giant cockroaches
  6 goblins
  9 hobgoblins
  A quokka (D:3)
  3 frilled lizards
  A kobold (D:1)
  6 rats
46 creatures vanquished.

Notes
Turn   | Place    | Note
-------+----------+-------------------------------------------
     0 | D:1      | Jerry the Troll Gladiator began the quest for the Orb.
     0 | D:1      | Reached XP level 1. HP: 19/19 MP: 0/0
    66 | D:1      | Reached XP level 2. HP: 28/28 MP: 1/1
   781 | D:2      | Reached XP level 3. HP: 35/35 MP: 2/2
  1057 | D:2      | Found a sparkling altar of Nemelex Xobeh.
  1085 | D:2      | Found a stormy altar of Qazlal.
  1092 | D:2      | Reached skill level 4 in Unarmed Combat
  1302 | D:3      | Reached XP level 4. HP: 42/42 MP: 3/3
  1377 | D:3      | Found an iron altar of Okawaru.
  1477 | D:3      | Killed from afar by an orc priest

Skill      XL: |  1  2  3  4 |
---------------+-------------+-----
Fighting       | 2 |  2.3
Unarmed Combat | 4 |  4.4
Dodging        | 3 |  3.0
Throwing       | |  1.7

Action                   |  1- 3 |  4- 6 || total
-------------------------+-------+-------++-------
Melee: Unarmed           |    90 |    13 ||   103
       Punch             |       |     1 ||     1
  Use: Scroll            |     7 |       ||     7
 Stab: Distracted        |     1 |       ||     1
  Eat: Chunk             |    17 |     2 ||    19
Armor: Robe              |    32 |     3 ||    35
Dodge: Dodged            |    44 |     4 ||    48
